 Dungeon Crawl Stone Soup version 0.31.0-9-g3a7656b989 (webtiles) character file.

Game seed: 17190961749096150902

9 qw the Shooter (level 2, -1/16 HPs)
             Began as a Deep Elf Hunter on Feb 2, 2024.
             Slain by a jackal (3 damage)
             ... on level 1 of the Dungeon.
             The game lasted 00:00:00 (79 turns).

qw the Shooter (Deep Elf Hunter)                      Turns: 79, Time: 00:00:00

Health: -1/16      AC:  3    Str:  8    XL:     2   Next: 6%
Magic:  4/4        EV: 12    Int: 13    God:
Gold:   10         SH:  0    Dex: 18    Spells: 1/1 levels left

rFire   . . .        a - +0 shortbow
rCold   . . .        (shield currently unavailable)
rNeg    . . .        c - +0 leather armour
rPois   .            (no helmet)
rElec   .            (no cloak)
rCorr   .            (no gloves)
SInv    .            (no boots)
Will    .....        (no amulet)
Stlth   ++           (no ring)
HPRegen 0.22/turn    (no ring)
MPRegen 0.09/turn

%: no passive effects
@: no status effects
A: no striking features
a: no special abilities


You were on level 1 of the Dungeon.
You visited 1 branch of the dungeon, and saw 1 of its levels.

You collected 10 gold pieces.


   Skills:
 - Level 1.5 Fighting
 + Level 6.0 Ranged Weapons
 - Level 2.4 Dodging
 - Level 1.2 Stealth


You had one spell level left.
You didn't know any spells.
Your spell library was empty.

Inventory:

Hand Weapons
 a - a +0 shortbow (weapon)
Armour
 c - a +0 leather armour (worn)
Scrolls
 b - a scroll of butterflies
Potions
 d - a potion of berserk rage {unknown}

Dungeon Overview and Level Annotations

Branches:
Dungeon (1/15)

Altars:


Message History

You kill the goblin!
You hear a bark!
You shoot an arrow. The arrow hits the jackal.
The jackal is moderately wounded.
You shoot an arrow. The arrow hits the jackal.
You kill the jackal!
You have reached level 2!
The jackal barks!
The jackal misses you.
There is an open door here.
Things that are here:
a +0 dagger; a jackal corpse; a jackal corpse You shoot an arrow.
The arrow hits the goblin.
The goblin is heavily wounded.
The jackal misses you. The goblin hits you with a +0 club.
You shoot an arrow.
The arrow hits the goblin but does no damage.
The goblin is heavily wounded.
The jackal misses you. The jackal barely misses you.
The goblin barely misses you.
You shoot an arrow. The arrow barely misses the goblin.
The jackal barely misses you. The jackal bites you.
The goblin barely misses you. The jackal barely misses you.
The jackal bites you but does no damage.
You shoot an arrow. The arrow closely misses the goblin.
The jackal bites you. The goblin barely misses you.
The jackal barely misses you. The jackal bites you.
You shoot an arrow. The arrow barely misses the goblin.
The jackal bites you. The goblin closely misses you.
The jackal bites you but does no damage.
The jackal bites you. The goblin misses you.
You shoot an arrow. The arrow hits the goblin.
You kill the goblin!
The jackal bites you. The jackal closely misses you.
The jackal bites you but does no damage.
The jackal bites you.
Your Ranged Weapons skill increases to level 6!
You shoot an arrow. The arrow closely misses the jackal.
The jackal bites you.
You die...

#.+............#
#.#.#.......)%)#...
#.#.#......###.####
####.#.#.###..# #.....
#....#.#......########
#....#................
#....#................
#...h#................
#...)@................
#...h#................
#....#................
#....#................
#....#.........(....##
#....#........ ..).
#.$..#........ ...
#....#........ ..


You could see 2 jackals.

Vanquished Creatures
  3 goblins (D:1)
  2 jackals (D:1)
  A quokka (D:1)
  A bat (D:1)
  A kobold (D:1)
8 creatures vanquished.

Notes
Turn   | Place    | Note
-------+----------+-------------------------------------------
     0 | D:1      | qw the Deep Elf Hunter began the quest for the Orb.
     0 | D:1      | Reached XP level 1. HP: 12/12 MP: 3/3
     0 | D:1      | 0 ||| qw: Version: 0.3-a-155-g5e7d8dd
     0 | D:1      | 0 ||| qw: Game counter: 2109
     0 | D:1      | 0 ||| qw: Melee chars always use a shield: true
     0 | D:1      | 0 ||| qw: God list: Okawaru
     0 | D:1      | 0 ||| qw: Allow faded altars: false
     0 | D:1      | 0 ||| qw: Do Orc after clearing Dungeon:15 true
     0 | D:1      | 0 ||| qw: Do second Lair branch before Depths: true
     0 | D:1      | 0 ||| qw: Lair rune preference: random
     0 | D:1      | 0 ||| qw: Goals: Normal
     0 | D:1      | 0 ||| PLANNING D:1-11
    64 | D:1      | 64 ||| RETREEEEATING.
    65 | D:1      | 65 ||| RETREEEEATING.
    71 | D:1      | Reached XP level 2. HP: 16/16 MP: 4/4
    78 | D:1      | HP: 4/16 [jackal (3)]
    79 | D:1      | Reached skill level 6 in Ranged Weapons
    79 | D:1      | Slain by a jackal

Levels and vault maps discovered:
D:1:      amcnicky_arrival_choice, layout_basic

Skill      XL: |  1  2 |
---------------+-------+-----
Ranged Weapons | 6 |  6.0
Fighting       | |  1.5
Dodging        | |  2.4
Stealth        | |  1.2

Action                     || total
---------------------------++-------
   Fire: Shortbow          ||    23
 Armour: Leather armour    ||    15
  Dodge: Dodged            ||    17

Table legend:
 A = Non-vault XP
 B = Vault XP
 C = Vault XP percentage of total XP
 D = Non-vault monster count
 E = Vault monster count
 F = Vault count percentage of total count
                 A         B        C        D         E       F
            +---------+---------+-------+---------+---------+-------
      Total |      14 |       0 |   0.0 |       8 |       0 |   0.0
            +---------+---------+-------+---------+---------+-------
        D:1 |      14 |       0 |   0.0 |       8 |       0 |   0.0
            +---------+---------+-------+---------+---------+-------
